 Dungeon Crawl Stone Soup version 0.24.0-2-g5b39cebb1c (webtiles) character file.

Game seed: 10435389927099748477, levelgen mode: deterministic

92 Aviak the Chopper (level 4, 0/33 HPs)
             Began as a Hill Orc Wanderer on Oct 30, 2019.
             Slain by an orc
             ... wielding a +0 flail
              (5 damage)
             ... on level 2 of the Dungeon.
             The game lasted 00:02:41 (2177 turns).

Aviak the Chopper (Hill Orc Wanderer)               Turns: 2177, Time: 00:02:42

Health: 0/33       AC:  5    Str: 15 (17) XL:     4   Next: 60%
Magic:  5/5        EV: 10    Int:  8 (11) God:
Gold:   82         SH:  0    Dex:  8 (9)  Spells: 4/5 levels left

rFire    . . .     SeeInvis .   a - +1 hand axe
rCold    . . .     Gourm    .   (no shield)
rNeg     . . .     Faith    .   c - +0 ring mail
rPois    .         Spirit   .   (no helmet)
rElec    .         Reflect  .   (no cloak)
rCorr    .         Harm     .   (no gloves)
MR       .....                  (no boots)
Stlth    ..........             (no amulet)
HPRegen  0.11/turn              (no ring)
MPRegen  0.09/turn              (no ring)

@: no status effects
A: no striking features
a: no special abilities


You were on level 2 of the Dungeon.
You were very hungry.

You visited 1 branch of the dungeon, and saw 3 of its levels.

You collected 82 gold pieces.

Inventory:

Hand Weapons
 a - a +1 hand axe (weapon)
Armour
 c - a +0 ring mail (worn)
Jewellery
 h - a +4 ring of intelligence {unknown}
Scrolls
 f - a scroll of remove curse {unknown}
 i - a scroll of magic mapping {unknown}
 j - 3 scrolls of identify {unknown}
Comestibles
 d - 2 rations


   Skills:
 + Level 4.1 Axes
 - Level 1.0 Throwing
 + Level 3.9 Armour
   Level 1.1 Shields
 - Level 1.0 Spellcasting
   Level 2.9 Transmutations


You had 4 spell levels left.
You knew the following spells:

 Your Spells              Type           Power        Failure   Level  Hunger
a - Sandblast             Erth           #.....       58%         1    ##.....

Your spell library contained the following spells:

 Spells                   Type           Power        Failure   Level  Hunger
 Passwall                 Tmut/Erth      #.......     52%         2    ###....
 Stone Arrow              Conj/Erth      #.....       91%         3    ####...
 Petrify                  Tmut/Erth      #.......     99%         4    #####..
 Lee's Rapid Deconstruct  Erth           #.........   100%        5    ######.


Dungeon Overview and Level Annotations

Branches:
Dungeon (3/15)

Altars:


Message History

You hear some strange, mumbled words.
A magic dart appears from out of thin air!
The magic dart hits you but does no damage.
The orc hits you.
* * * LOW HITPOINT WARNING * * *
You closely miss something. You hit the orc but do no damage.
Something hits you but does no damage. The orc closely misses you.
You barely miss something. You miss the orc.
Something hits you but does no damage. Something hits you but does no damage.
The orc barely misses you. x2
You closely miss the orc.
The orc is heavily wounded.
You miss something. You barely miss the orc.
You feel less confused. Something hits you but does no damage.
The orc hits you with a +0 flail.
* * * LOW HITPOINT WARNING * * *
The orc hits you but does no damage. Something hits you but does no damage.
You barely miss something. You hit the orc. You barely miss the orc.
The orc hits you but does no damage. The orc hits you with a +0 flail.
You die...

........#....#####.##.....# #.#.#
#o##....#....# #......#.###.#.#
#.#...#.##...#######..........#.#
#.#'###...................#####.#
#.....####...........#.#### #.#
#....{...(.........(.#'#### ###.#
.......###.(..............###...#
.......##...#.(####.......'......
.......##....(.o@o........#######
.......##.....(.{(........#.....#
.......##........................
.....................<...........
.....#.#####.....................
.....#.#.................##'#####
.....#.#####..#######.##.##.#
.....#.......>........##.##.#
..##.#######.......#####.##.#


You could see 2 orcs.

Vanquished Creatures
  3 adders (D:2)
  2 dart slugs (D:1)
  A leopard gecko (D:1)
  An orc (D:2)
  3 giant cockroaches
  5 goblins
  7 hobgoblins
  9 jackals
  3 ball pythons
  7 bats
  2 frilled lizards
  3 kobolds
  8 rats
54 creatures vanquished.

Notes
Turn   | Place    | Note
-------+----------+-------------------------------------------
     0 | D:1      | Aviak the Hill Orc Wanderer began the quest for the Orb.
     0 | D:1      | Aviak set off with the following items: a +0 hand axe, a +0
                  | ring mail, a ration; and the following spell memorised:
                  | Sandblast; and the following spells available to memorise:
                  | Passwall, Stone Arrow, Petrify, Lee's Rapid Deconstruction
     0 | D:1      | Reached XP level 1. HP: 14/14 MP: 2/2
    81 | D:1      | Reached skill level 2 in Axes
    93 | D:1      | Reached XP level 2. HP: 8/20 MP: 3/3
   497 | D:1      | Reached XP level 3. HP: 20/26 MP: 4/4
   526 | D:1      | Reached skill level 3 in Axes
  1221 | D:2      | Reached XP level 4. HP: 33/33 MP: 5/5
  1355 | D:2      | Reached skill level 4 in Axes
  1553 | D:2      | You fall into a shaft and drop 1 floor!
  2177 | D:2      | Slain by an orc

Levels and vault maps discovered:
D:1:      dpeg_arrival_refuge, layout_basic
D:2:      layout_basic
D:3:      wad_lake_hut, layout_loops_ring,
          grunt_temple_overflow_champion_of_chaos, first_ration, uniq_jessica

Skill      XL: |  1  2  3  4 |
---------------+-------------+-----
Axes           | 2 3 4 |  4.1
Armour         | 3 |  3.9
Throwing       | |  1.0
Shields        | |  1.1
Spellcasting   | |  1.0
Transmutations | |  2.9

Action                   |  1- 3 |  4- 6 || total
-------------------------+-------+-------++-------
Melee: Hand axe          |   115 |    77 ||   192
  Use: Scroll            |       |     2 ||     2
       Potion            |       |     2 ||     2
  Eat: Chunk             |     1 |     2 ||     3
Armor: Ring mail         |    47 |    63 ||   110
Dodge: Dodged            |    91 |    58 ||   149
